 Dungeon Crawl Stone Soup version 0.29.1-15-g9cfb28693d (webtiles) character file.

Game seed: 15235564686350744701

285 Mickster the Chopper (level 6, -1/53 HPs)
             Began as a Hill Orc Berserker on Apr 6, 2023.
             Was a Believer of Trog.
             Slain by a gnoll sergeant
             ... wielding a +0 spear
              (7 damage)
             ... on level 5 of the Dungeon.
             The game lasted 00:26:15 (1976 turns).

Mickster the Chopper (Hill Orc Berserker)           Turns: 1976, Time: 00:26:15

Health: -1/53      AC: 14    Str: 22    XL:     6   Next: 29%
Magic:  6/6        EV:  8    Int:  7    God:    Trog [**....]
Gold:   152        SH:  0    Dex: 10    Spells: 5/5 levels left

rFire   . . .      SeeInvis .   q - +0 war axe
rCold   . . .      Faith    +   (no shield)
rNeg    . . .      Spirit   .   p - +0 chain mail
rPois   .          Reflect  .   (no helmet)
rElec   .          Harm     .   s - +0 cloak
rCorr   .          Rampage  .   (no gloves)
Will    ++...                   (no boots)
Stlth   ..........              r - amulet of faith
HPRegen 1.17/turn               b - +4 ring of protection
MPRegen 0.10/turn               (no ring)

@: weakened, strong-willed, on berserk cooldown, regenerating, slowed, very slow
A: no striking features
a: Renounce Religion, Berserk, Trog's Hand


You were on level 5 of the Dungeon.
You worshipped Trog.
Trog was pleased with you.
You visited 1 branch of the dungeon, and saw 5 of its levels.

You collected 152 gold pieces.

Inventory:

Hand Weapons
 a - a +1 hand axe
 c - a +0 dagger of electrocution
 j - a +0 sling
 q - a +0 war axe (weapon)
Missiles
 e - 5 poisoned darts
 f - 3 silver javelins
 h - 6 datura-tipped darts (quivered)
 i - 3 atropa-tipped darts
 n - 34 stones
 t - 3 javelins
Armour
 p - a +0 chain mail (worn)
 s - a +0 cloak (worn)
Jewellery
 b - a +4 ring of protection (left hand)
 r - an amulet of faith (around neck)
Wands
 l - a wand of charming (22)
Scrolls
 k - a scroll of teleportation {unknown}
 m - a scroll of identify
 o - a scroll of poison {unknown}
Potions
 d - a potion of curing
 g - a potion of cancellation


   Skills:
 + Level 4.7 Fighting
 * Level 7.3 Axes
 + Level 3.6 Armour
 + Level 1.9 Dodging


You had 5 spell levels left.
You didn't know any spells.
Your spell library was empty.

Dungeon Overview and Level Annotations

Branches:
Dungeon (5/15)             Temple (0/1) D:4

Altars:

Shops:
D:5 =

Annotations:
D:5 1 transporter


Message History

The gnoll sergeant hits you from afar with the +2 trident of the Extremely Mad {elec, rC+ Str-4 Dex+4 SInv}!
The gnoll sergeant hits you but does no damage.
You stop sporulating.
Your +0 war axe unmelds from your body.
Your +0 cloak unmelds from your body.
Your +0 chain mail unmelds from your body.
The gnoll sergeant barely misses you.
The gnoll sergeant completely misses you.
You open the door.
The gnoll sergeant hits you from afar with the +2 trident of the Extremely Mad {elec, rC+ Str-4 Dex+4 SInv}.
You are electrocuted!!
* * * LOW HITPOINT WARNING * * *
The gnoll hits the plant with a +3 halberd!
The plant begins to die.
The gnoll hits the plant with a +3 halberd!
The gnoll sergeant hits you from afar with the +2 trident of the Extremely Mad {elec, rC+ Str-4 Dex+4 SInv}!
* * * LOW HITPOINT WARNING * * *
Your skin crawls.
You feel strong-willed. The gnoll sergeant barely misses you.
The gnoll hits the plant with a +3 halberd!
A gnoll bouda comes into view. It is wielding a +0 whip.
The gnoll sergeant closely misses you. x2
There is an open translucent door here.
The gnoll bouda shouts!
A nearby plant withers and dies.
The gnoll sergeant hits you but does no damage.
Your skin crawls.
You feel strong-willed. The gnoll sergeant closely misses you.
The gnoll sergeant hits you from afar with the +2 trident of the Extremely Mad {elec, rC+ Str-4 Dex+4 SInv}.
* * * LOW HITPOINT WARNING * * *
The gnoll bouda gazes fiercely through you!
You feel your attacks grow feeble.
The gnoll hits the plant with a +3 halberd!
The plant begins to die.
The gnoll sergeant barely misses you.
The gnoll hits the plant with a +3 halberd!
The gnoll bouda barks out a call to the hunt!
The gnoll sergeant picks up the pace!
The gnoll sergeant hits you from afar with a +0 spear!
You die...

.##≈≈...........
....#≈≈......#)#..
+##.###≈≈.....≈≈.#..
$$#.#..≈≈.#..#≈≈.###
$#g##.≈≈.#..'..∩..+
#..#.≈≈.##.###.≈≈#
#####.##.≈≈......#.≈≈.
≈..#.#8g8#.#..........#+#..
~.©#.'/gg'@#©..............
≈..#.#.)P#.#...............
##.##g##.≈≈...........
#P..#.©#.≈≈...........
.#⌠.⌠#.##.≈≈........... .#
#P..#.#..≈≈........... #
.##+##.###≈≈........... ..
.......#≈≈..... #.# .#
≈≈...##


You could see 2 gnoll sergeants, a gnoll bouda and 2 gnolls.

Vanquished Creatures
  An ogre (D:4)
  A hound (D:5)
  An orc priest (D:4)
  A jelly (D:4)
  3 adders
  2 gnolls (D:5)
  3 worms
  3 dart slugs
  4 orcs
  2 endoplasms (D:3)
  A giant cockroach (D:1)
  6 goblins
  3 hobgoblins
  3 quokkas
  6 ball pythons
  6 bats
  2 frilled lizards (D:1)
  2 kobolds
  2 rats (D:1)
52 creatures vanquished.

Vanquished Creatures (others)
  3 plants (D:5)
3 creatures vanquished.

Grand Total: 55 creatures vanquished

Notes
Turn   | Place    | Note
-------+----------+-------------------------------------------
     0 | D:1      | Mickster the Hill Orc Berserker began the quest for the
                  | Orb.
     0 | D:1      | Reached XP level 1. HP: 19/19 MP: 1/1
   290 | D:1      | Reached XP level 2. HP: 27/27 MP: 2/2
   502 | D:1      | Reached XP level 3. HP: 30/33 MP: 3/3
   852 | D:3      | Reached ** piety under Trog
  1080 | D:3      | Reached skill level 5 in Axes
  1182 | D:3      | Reached XP level 4. HP: 33/41 MP: 4/4
  1193 | D:3      | Found a faded altar of an unknown god.
  1565 | D:4      | Found a staircase to the Ecumenical Temple.
  1590 | D:4      | Reached XP level 5. HP: 47/47 MP: 5/5
  1761 | D:4      | Reached skill level 6 in Axes
  1845 | D:4      | Noticed an ogre
  1853 | D:4      | Killed an ogre
  1854 | D:4      | Reached XP level 6. HP: 53/53 MP: 6/6
  1879 | D:5      | Entered Level 5 of the Dungeon
  1899 | D:5      | Reached skill level 7 in Axes
  1905 | D:5      | Found Xeqets's Jewellery Shoppe.
  1927 | D:5      | Found a transporter.
  1930 | D:5      | Found a transporter.
  1953 | D:5      | Identified the +2 trident of the Extremely Mad {elec, rC+
                  | Str-4 Dex+4 SInv}
  1976 | D:5      | Slain by a gnoll sergeant

Illustrated notes

Levels and vault maps discovered:
D:1:      dpeg_arrival_more_subterranean_lakeside_camping, layout_loops_ring,
          minivault_25, minmay_three_crescents
D:2:      layout_loops_ring, supply_closet_lemuel
D:3:      layout_basic, dilly_ecumenical_altar_fadedgnrine, eino_tiny_chamber
D:4:      layout_rooms, minmay_temple_entry_glassed_door
D:5:      lemuel_ratsnest, layout_rooms, gammafunk_ghost_gnarly_gnolls,
          serial_shops, shop, nicolae_shop_hallway_plus, st_stairs_8,
          chequers_serial_rivers_micro_d, nicolae_kite_square_tiling_tiny

Skill      XL: |  1  2  3  4  5  6 |
---------------+-------------------+-----
Fighting       | 4 |  4.7
Axes           | 5 6 7 |  7.3
Armour         | 3 |  3.6
Dodging        | |  1.9

Action                   |  1- 3 |  4- 6 || total
-------------------------+-------+-------++-------
Melee: Hand axe          |    54 |       ||    54
       Punch             |     1 |       ||     1
       War axe           |    25 |    61 ||    86
       Unarmed           |       |     2 ||     2
Invok: Berserk           |     1 |     3 ||     4
       Trog's Hand       |       |     2 ||     2
  Use: Scroll            |     5 |       ||     5
       Potion            |     4 |     2 ||     6
Armor: Ring mail         |    39 |       ||    39
       Chain mail        |     1 |    48 ||    49
       Skin              |       |     8 ||     8
Dodge: Dodged            |    72 |    53 ||   125
